 Dungeon Crawl Stone Soup version 0.17.1-3-g152610e (webtiles) character file.

167 Grim the Skirmisher (level 5, 59/59 HPs)
             Began as an Ogre Berserker on Feb 18, 2016.
             Was a Believer of Trog.
             Quit the game on level 3 of the Dungeon.
             The game lasted 00:03:16 (2604 turns).

Grim the Skirmisher (Ogre Berserker)                Turns: 2604, Time: 00:03:16

Health: 59/59      AC:  3    Str: 22    XL:     5   Next: 48%
Magic:  5/5        EV: 10    Int:  6    God:    Trog [**....]
Gold:   102        SH:  0    Dex: 10    Spells: 0 memorised, 4 levels left

rFire  . . .     SeeInvis .     a - +0 mace
rCold  . . .     Clarity  .     b - +0 animal skin
rNeg   . . .     SustAt   .     (no shield)
rPois  .         Gourm    .     (helmet restricted)
rElec  .         Spirit   .     (no cloak)
rCorr  .         Warding  .     (gloves unavailable)
rMut   .         Stasis   .     (boots unavailable)
MR     .....                    (no amulet)
Stlth  +.........               (no ring)
                                (no ring)

@: not resistant to hostile enchantments, very unstealthy
A: unfitting armour, tough skin 1
a: Berserk, Trog's Hand, Burn Spellbooks, Renounce Religion


You were on level 3 of the Dungeon.
You worshipped Trog.
Trog was pleased with you.
You were hungry.

You visited 1 branch of the dungeon, and saw 3 of its levels.

You collected 102 gold pieces.

Inventory:

Hand Weapons
 a - a +0 mace (weapon)
Armour
 b - a +0 animal skin (worn)
Jewellery
 l - an uncursed ring of magical power {unknown}
Scrolls
 d - a scroll of enchant armour {unknown}
 e - a scroll of immolation {unknown}
 f - 2 scrolls of remove curse {unknown}
 h - 5 scrolls of identify {unknown}
 j - a scroll of random uselessness {unknown}
 k - a scroll of noise {unknown}
 m - 2 scrolls of teleportation {unknown}
Potions
 g - a potion of curing
Comestibles
 c - 3 bread rations
 i - a beef jerky


   Skills:
 * Level 6.0 Fighting
 * Level 5.5 Maces & Flails
 + Level 3.4 Dodging


You had 4 spell levels left.
You didn't know any spells.

Dungeon Overview and Level Annotations

Branches:
Dungeon (3/15)

Altars:
Xom


Innate Abilities, Weirdness & Mutations

You are too large for most types of armour.
You have tough skin (AC +1).


Message History

* * * LOW HITPOINT WARNING * * *
You thump the hound!
You kill the hound!
Trog accepts your kill.
Your Fighting skill increases to level 6!
You see here a hound corpse.
Things that are here:
a club; a leather armour You start resting.
You feel yourself speed up.
You start resting.
You feel less exhausted.
You start resting.
You are feeling hungry.
You start resting.
HP restored.
Things that are here:
a dagger; a robe; an orc skeleton There isn't anything to butcher here.
Are you sure you want to abandon this character and quit the game? (Confirm with "yes".)

#. ## # ##### # ##.>. ..
# ... #.# # #.# #.# #
#.#####รท####### #.# #
#.....))@.....# ##.## #
#.#####.#####.###...#####
##.# #............
#####..#########...#####
............# ##.##
..####..(...# #.#
#....###..######.# #.##.
#.........# # ..
#...#######


There were no monsters in sight!

Vanquished Creatures
  An orc wizard (D:3)
  A hound (D:3)
  Robin (D:2)
  3 adders (D:2)
  3 orcs (D:3)
  2 ball pythons
  6 giant cockroaches
  12 goblins
  11 hobgoblins
  4 jackals (D:2)
  3 kobolds (D:1)
  A quokka (D:2)
  4 bats
  A giant newt (D:1)
  5 rats
58 creatures vanquished.

Notes
Turn   | Place    | Note
--------------------------------------------------------------
     0 | D:1      | Grim the Ogre Berserker began the quest for the Orb.
     0 | D:1      | Reached XP level 1. HP: 24/24 MP: 1/1
   338 | D:1      | Reached XP level 2. HP: 33/33 MP: 2/2
   889 | D:2      | Reached XP level 3. HP: 36/41 MP: 3/3
  1053 | D:2      | Noticed Robin
  1056 | D:2      | Reached skill level 5 in Fighting
  1063 | D:2      | Reached ** piety under Trog
  1072 | D:2      | Killed Robin
  1078 | D:2      | Reached XP level 4. HP: 16/50 MP: 4/4
  1084 | D:2      | HP: 2/50 [hobgoblin[Robin] (2)]
  1344 | D:2      | Reached skill level 5 in Maces & Flails
  2304 | D:3      | Found a shimmering altar of Xom.
  2325 | D:3      | Reached XP level 5. HP: 45/59 MP: 5/5
  2341 | D:3      | Reached skill level 6 in Fighting
  2604 | D:3      | Quit the game

Action                   |  1- 3 |  4- 6 || total
-------------------------+-------+-------++-------
Melee: Mace              |    88 |   114 ||   202
Invok: Berserk           |     1 |     1 ||     2
       Trog's Hand       |       |     1 ||     1
  Use: Potion            |       |     1 ||     1
  Eat: Chunk             |       |     7 ||     7
